 Dungeon Crawl Stone Soup version 0.23-a0-448-g1c01f63 (webtiles) character file.

10485 Dfrag the Destroyer (level 11, 0/97 HPs)
             Began as a Naga Conjurer on Nov 19, 2018.
             Was a Follower of Makhleb.
             Slain by an orc
             ... wielding a +0 mace
              (2 damage)
             ... on level 11 of the Dungeon.
             The game lasted 00:19:56 (10394 turns).

Dfrag the Destroyer (Naga Conjurer)                Turns: 10394, Time: 00:19:56

Health: 0/97       AC:  7    Str: 10    XL:     11   Next: 62%
Magic:  22/27      EV: 13    Int: 19    God:    Makhleb [*.....]
Gold:   395        SH:  0    Dex: 12    Spells: 23/30 levels left

rFire    . . .     SeeInvis +   x - +5 hand axe
rCold    . . .     Gourm    +   (no shield)
rNeg     . . .     Faith    .   a - +0 robe
rPois    +         Spirit   .   l - +1 hat
rElec    .         Reflect  .   L - +0 cloak
rCorr    +         Harm     .   o - +0 pair of gloves
MR       +....                  (no barding)
Stlth    ++........             y - amulet of the gourmand
HPRegen  0.26/turn              d - +3 ring of evasion
MPRegen  0.20/turn              E - ring of resist corrosion (curse)

@: flying, very slow
A: large, antennae 1, see invisible, deformed body, high mp 1, poison
resistance, slowness 2, slow metabolism 1, spit poison 1, AC +3
a: Spit Poison, Renounce Religion


You were on level 11 of the Dungeon.
You worshipped Makhleb.
Makhleb was aware of your devotion.
You were very full.

You visited 2 branches of the dungeon, and saw 12 of its levels.
You also visited: Sewer.

You collected 581 gold pieces.
You spent 186 gold pieces at shops.

Inventory:

Hand Weapons
 x - a +5 hand axe (weapon)
Armour
 a - a +0 robe (worn)
 f - a +2 helmet
 l - a +1 hat (worn)
 o - a +0 pair of gloves (worn)
 L - a +0 cloak (worn)
Jewellery
 d - a +3 ring of evasion (left hand)
 j - an uncursed ring of positive energy
 y - an amulet of the gourmand (around neck)
 E - a cursed ring of resist corrosion (right hand)
Wands
 v - a wand of clouds (2)
 F - a wand of scattershot (7)
 H - a wand of iceblast (8)
 K - a wand of disintegration (4)
Scrolls
 b - a scroll of identify
 m - 2 scrolls of amnesia
 n - 3 scrolls of enchant weapon {unknown}
 r - a scroll of teleportation
 s - 3 scrolls of enchant armour {unknown}
 u - 5 scrolls of remove curse
 w - 3 scrolls of magic mapping
 A - 2 scrolls of immolation {unknown}
 D - a scroll of random uselessness {unknown}
 G - a scroll of fear {unknown}
 I - a scroll of fog {unknown}
 J - a scroll of noise {unknown}
Potions
 e - 5 potions of curing {unknown}
 g - 4 potions of degeneration
 h - 7 potions of heal wounds {unknown}
 i - 4 potions of haste {unknown}
 k - 4 potions of agility {unknown}
 p - 3 potions of flight
 q - a potion of magic {unknown}
 t - 3 potions of lignification {unknown}
 z - a potion of invisibility {unknown}
 C - 3 potions of mutation
Comestibles
 c - 11 rations


   Skills:
 - Level 5.8 Fighting
 - Level 5.9(6.4) Axes
   Level 3.5(5.2) Maces & Flails
 - Level 1.5 Dodging
 + Level 3.1 Stealth
 - Level 1.2 Unarmed Combat
 + Level 10.2 Spellcasting
 + Level 11.1 Conjurations
 - Level 2.4 Evocations


You had 23 spell levels left.
You knew the following spells:

 Your Spells              Type           Power        Failure   Level  Hunger
a - Magic Dart            Conj           ####         1%          1    None
b - Searing Ray           Conj           ######       1%          2    None
c - Iskenderun's Mystic   Conj           ######..     1%          4    ##.....

Your spell library contained the following spells:

 Spells                   Type           Power        Failure   Level  Hunger
 Dazzling Spray           Conj/Hex       ####..       2%          3    None
 Animate Skeleton         Necr           N/A          8%          1    None
 Apportation              Tloc           #.....       8%          1    None
 Confusing Touch          Hex            #.....       8%          1    None
 Summon Small Mammal      Summ           #...         8%          1    None
 Force Lance              Conj/Tloc      ####....     8%          4    ##.....
 Fulminant Prism          Conj/Hex       ####......   8%          4    ##.....


Dungeon Overview and Level Annotations

Branches:
Dungeon (11/15)            Temple (1/1) D:7            Lair (0/6) D:10
    Orc (0/2) D:11

Altars:
Ashenzari
Cheibriados
Dithmenos
Elyvilon
Fedhas
Gozag
Hepliaklqana
Kikubaaqudgha
Makhleb
Nemelex Xobeh
Okawaru
Qazlal
Ru
Sif Muna
Trog
Uskayaw
Vehumet
Wu Jian
Xom
Yredelemnul
Zin

Shops:
D:4 *

Annotations:
D:9 1 runed door, Bane's ghost, journeyman GnSk


Innate Abilities, Weirdness & Mutations

You cannot wear boots.
Your serpentine skin is tough. (AC +3)
You have supernaturally acute eyesight. (SInv)
Armour fits poorly on your strangely shaped body.
Your system is resistant to poisons. (rPois)
You cover ground very slowly.
You have a slow metabolism.
You can spit poison.
You have a pair of small antennae on your head.
You have an increased reservoir of magic. (+10% MP)


Message History

The orc shouts!
A skeletal warrior comes into view. It is wielding a +0 halberd.
The orc hits you but does no damage.
A hound skeleton comes into view.
The orc hits you with a +0 falchion!
A leopard gecko comes into view.
An orc priest comes into view. It is wielding a +0 hand axe.
The orc priest invokes the aid of Beogh against you.
Beogh smites you!
* * * LOW HITPOINT WARNING * * *
A skeletal warrior comes into view. It is wielding a +0 mace.
An orc wizard comes into view. It is wielding a +0 dagger.
A shadow comes into view.
An orc comes into view. It is wielding a +0 mace.
An ice beast comes into view.
The skeletal warrior barely misses you. The orc closely misses you.
The skeletal warrior hits you from afar with a +0 halberd!!
* * * LOW HITPOINT WARNING * * *
The orc hits you with a +0 mace.
You die...

######### #.......# #.......#
#.......# #.o..oo.#
*****#.o@.zW.# *......oo..l.#***
**.####.zzoz.....*** *****,,*
*#..ooZ..##.,,****### ***,,,,,**
*....o...#***,,,*,..,
*,,,*******#.#...)....,,,,,,,.#*
*,****8,,,8#.####...#########.,,
*,* *,,,,,#Y* *##..##......##*
**,** *,,>,,+,* **.%........##


You could see 4 skeletal warriors, an orc warrior, an ice beast, a shadow, 2 orc
priests, 2 orc wizards, 5 orcs, a leopard gecko and a hound skeleton
(wandering).

Vanquished Creatures
  Gastronok (D:10)
  Harold (D:7)
  A two-headed ogre (D:10)
  Pikel (D:5)
  Joseph (D:7)
  Maurice (D:10)
  A centaur skeleton (D:10)
  A hornet (D:10)
  Prince Ribbit (D:7)
  3 hippogriffs
  3 yaks (D:10)
  A hungry ghost (D:7)
  Grum (D:10)
  Menkaure (D:7)
  3 wargs (D:10)
  2 water moccasins (D:9)
  2 sky beasts
  3 ice beasts
  2 eyes of draining
  A phantom (D:10)
  2 wolves (D:10)
  3 ogres
  A black bear (D:10)
  4 centaurs (D:8)
  2 big kobolds
  A gnoll sergeant (D:9)
  A wyvern zombie (D:10)
  2 bullfrogs
  A water moccasin zombie (D:7)
  A wyvern skeleton (D:10)
  3 scorpions
  3 killer bees (D:7)
  4 wights (D:8)
  A howler monkey (D:4)
  4 crimson imps
  2 hounds
  3 bullfrog skeletons
  8 orc priests
  6 jellies
  5 orc wizards
  2 iguanas
  5 worker ants
  A hound zombie (D:5)
  A worker ant zombie (D:7)
  17 adders
  5 gnolls (D:9)
  6 river rats
  2 shadow imps
  An ooze (D:3)
  2 adder skeletons
  4 adder zombies
  9 worms
  4 dart slugs
  4 leopard geckos
  23 orcs
  A giant cockroach (D:3)
  11 goblins
  6 hobgoblins
  13 jackals
  11 kobolds
  2 quokkas
  3 ball pythons
  9 bats
  2 frilled lizards
  A jackal skeleton (D:4)
  2 leopard gecko zombies
  A quokka skeleton (D:7)
  5 rats
241 creatures vanquished.

Vanquished Creatures (others)
  A bullfrog (D:9)
  A shadow imp (D:6)
  A leopard gecko (D:9)
3 creatures vanquished.

Grand Total: 244 creatures vanquished

Notes
Turn   | Place    | Note
-------+----------+-------------------------------------------
     0 | D:1      | Dfrag the Naga Conjurer began the quest for the Orb.
     0 | D:1      | Reached XP level 1. HP: 15/15 MP: 3/3
   158 | D:1      | Reached XP level 2. HP: 14/22 MP: 1/5
   293 | D:1      | Learned a level 2 spell: Searing Ray
   866 | D:2      | Reached XP level 3. HP: 28/28 MP: 0/6
   885 | D:2      | Found a faded altar of an unknown god.
   981 | D:2      | Reached skill level 5 in Conjurations
  1182 | D:2      | Found a hide-covered altar of Uskayaw.
  1234 | D:2      | Reached XP level 4. HP: 36/36 MP: 2/7
  1829 | D:3      | Reached XP level 5. HP: 42/42 MP: 3/9
  1981 | D:3      | Found a deep blue altar of Sif Muna.
  2031 | D:3      | Reached skill level 1 in Unarmed Combat
  2567 | D:4      | Learned a level 4 spell: Iskenderun's Mystic Blast
  2647 | D:4      | Reached skill level 6 in Conjurations
  2647 | D:4      | Reached XP level 6. HP: 48/49 MP: 2/11
  3039 | D:4      | Found Vedoovumm's General Store.
  3047 | D:4      | Bought a scroll of identify for 24 gold pieces
  3047 | D:4      | Bought a scroll of identify for 24 gold pieces
  3047 | D:4      | Bought a potion of mutation for 96 gold pieces
  3047 | D:4      | Bought a scroll of magic mapping for 42 gold pieces
  3051 | D:4      | Gained mutation: You have a pair of small antennae on your
                  | head. [potion of mutation]
  3051 | D:4      | Gained mutation: You have an increased reservoir of magic.
                  | (+10% MP) [potion of mutation]
  3262 | D:5      | Entered Level 5 of the Dungeon
  3440 | D:5      | Reached XP level 7. HP: 32/55 MP: 6/15
  3566 | D:5      | Found a glowing drain.
  3573 | Sewer    | Entered a sewer
  3585 | Sewer    | Reached skill level 1 in Axes
  3762 | Sewer    | Found a white marble altar of Elyvilon.
  3857 | D:5      | Reached skill level 5 in Spellcasting
  3922 | D:5      | Reached skill level 1 in Fighting
  4179 | D:5      | Found a bloodstained altar of Trog.
  4244 | D:5      | Found a sacrificial altar of Ru.
  4381 | D:6      | Noticed Pikel
  4394 | D:5      | Killed Pikel
  4394 | D:5      | Reached skill level 7 in Conjurations
  4394 | D:5      | Reached XP level 8. HP: 67/67 MP: 1/18
  4929 | D:7      | Noticed a hippogriff
  4939 | D:7      | Killed a hippogriff
  5096 | D:7      | Noticed a hippogriff
  5115 | D:7      | Reached XP level 9. HP: 73/74 MP: 15/20
  5122 | D:7      | Reached skill level 8 in Conjurations
  5146 | D:7      | Noticed Harold
  5274 | D:7      | Noticed Prince Ribbit
  5285 | D:7      | Killed Prince Ribbit
  5475 | D:7      | Noticed Menkaure
  5479 | D:7      | Reached skill level 1 in Maces & Flails
  5493 | D:7      | Killed Menkaure
  5493 | D:7      | Reached skill level 5 in Axes
  5853 | D:7      | Noticed Joseph
  5870 | D:7      | Killed Joseph
  6025 | D:7      | Killed Harold
  6025 | D:7      | Reached skill level 9 in Conjurations
  6025 | D:7      | Reached skill level 1 in Evocations
  6025 | D:7      | Reached XP level 10. HP: 73/87 MP: 14/23
  6103 | D:7      | Found a staircase to the Ecumenical Temple.
  6214 | Temple   | Entered the Ecumenical Temple
  6258 | Temple   | Became a worshipper of Makhleb the Destroyer
  6770 | D:8      | Found a snail-covered altar of Cheibriados.
  6876 | D:8      | Found a shattered altar of Ashenzari.
  7724 | D:9      | Noticed Bane's ghost (journeyman GnSk)
  7732 | D:9      | Found a runed door.
  8222 | D:9      | Found a shadowy altar of Dithmenos.
  8356 | D:10     | Entered Level 10 of the Dungeon
  8362 | D:10     | Noticed Maurice
  8375 | D:10     | Killed Maurice
  8376 | D:10     | Reached * piety under Makhleb
  8829 | D:10     | Reached skill level 5 in Fighting
  8926 | D:10     | Noticed a two-headed ogre
  8933 | D:10     | Reached skill level 10 in Conjurations
  8968 | D:10     | Reached XP level 11. HP: 89/94 MP: 5/26
  9394 | D:10     | Noticed Grum
  9404 | D:10     | Killed Grum
  9507 | D:10     | Killed a two-headed ogre
  9561 | D:10     | Noticed Gastronok
  9812 | D:10     | Found a staircase to the Lair.
  9893 | D:10     | Killed Gastronok
  9893 | D:10     | Reached skill level 10 in Spellcasting
  9893 | D:10     | Reached skill level 11 in Conjurations
 10372 | D:11     | Noticed a cyclops
 10384 | D:11     | Noticed a cyclops
 10394 | D:11     | Noticed a skeletal warrior
 10394 | D:11     | Noticed a skeletal warrior
 10394 | D:11     | HP: 2/97 [skeletal warrior/+0 halberd[a skeletal warrior]
                  | (25)]
 10394 | D:11     | Slain by an orc

Vault maps used:
D:1:      wheals_arrival_shading, dk_noncrumbling_3
D:2:      lemuel_round_altar, chequers_ecumenical_altar_twisty,
          grunt_ministairs_9
D:3:      led_sif_book, columned_hall_lemuel, kennysheep_generic_room_16
D:4:      serial_shops, shop_statue
D:5:      nicolae_ru_the_path_less_chosen, kennysheep_mini, first_ration,
          lightli_sewer_entry_pipes
D:6:      uniq_pikel
D:7:      temple_doors_ab, uniq_prince_ribbit1, uniq_harold, uniq_menkaure,
          uniq_joseph
D:8:      nicolae_whirlpool, cheibriados_altar_1, cheibrodos_ashenzari_chains
D:9:      kennysheep_little_box, nicolae_dithmenos_shadow_blocks,
          hellmonk_ghost_happy_afterlife
D:10:     erik_lair_orcish_takeover, uniq_gastronok, uniq_maurice, uniq_grum
D:11:     kennysheep_orc_monster_closet_entryway, lab_entry_generic
Temple:   nicolae_temple_great_sept
Sewer:    sewer_kobolds

Skill      XL: |  1  2  3  4  5  6  7  8  9 10 11 |
---------------+----------------------------------+-----
Conjurations   | 5 6 7 9 10 11 | 11.1
Spellcasting   | 3 4 5 6 7 9 10 | 10.2
Unarmed Combat | 1 |  1.2
Axes           | 3 4 5 |  5.9
Fighting       | 2 4 5 |  5.8
Maces & Flails | 3 |  3.5
Evocations     | 1 2 |  2.4
Dodging        | |  1.5
Stealth        | |  3.1

Action                   |  1- 3 |  4- 6 |  7- 9 | 10-12 || total
-------------------------+-------+-------+-------+-------++-------
Melee: Unarmed           |    13 |    28 |       |       ||    41
       Battleaxe         |       |    20 |    28 |       ||    48
       Whip              |       |       |    34 |     8 ||    42
       Hand axe          |       |       |       |    34 ||    34
 Cast: Magic Dart        |    41 |   101 |    38 |    51 ||   231
       Searing Ray       |       |     7 |    53 |    74 ||   134
       Iskenderun's Myst |       |       |     7 |    23 ||    30
 Abil: Spit Poison       |    20 |    32 |    10 |     4 ||    66
Evoke: Wand              |       |       |     6 |     5 ||    11
  Use: Scroll            |       |     4 |     2 |     6 ||    12
       Potion            |       |     1 |       |     1 ||     2
 Stab: Sleeping          |       |       |     1 |       ||     1
       Confused          |       |       |       |     1 ||     1
  Eat: Chunk             |     2 |     8 |    22 |    16 ||    48
       Ration            |       |       |       |     1 ||     1
Armor: Robe              |    10 |    32 |    35 |    60 ||   137
Dodge: Dodged            |    25 |   101 |   119 |   154 ||   399

Table legend:
 A = Non-vault XP
 B = Vault XP
 C = Vault XP percentage of total XP
 D = Non-vault monster count
 E = Vault monster count
 F = Vault count percentage of total count
                 A         B        C        D         E       F
            +---------+---------+-------+---------+---------+-------
      Total |    8197 |    6782 |  45.3 |     191 |      50 |  20.7
            +---------+---------+-------+---------+---------+-------
        D:1 |      27 |       0 |   0.0 |      14 |       0 |   0.0
        D:2 |      93 |       3 |   3.1 |      25 |       2 |   7.4
        D:3 |      57 |      85 |  59.9 |      12 |       5 |  29.4
        D:4 |     230 |       0 |   0.0 |      13 |       0 |   0.0
        D:5 |     376 |     695 |  64.9 |      21 |      12 |  36.4
        D:6 |     184 |       0 |   0.0 |       9 |       0 |   0.0
        D:7 |    1392 |    1881 |  57.5 |      25 |       4 |  13.8
        D:8 |    1040 |     218 |  17.3 |      15 |       2 |  11.8
        D:9 |     872 |       0 |   0.0 |      21 |       0 |   0.0
       D:10 |    3744 |    3750 |  50.0 |      31 |      13 |  29.5
       D:11 |     182 |       0 |   0.0 |       5 |       0 |   0.0
      Sewer |       0 |     150 | 100.0 |       0 |      12 | 100.0
            +---------+---------+-------+---------+---------+-------
